 Dungeon Crawl Stone Soup version 0.30.1-4-g462c640d31 (webtiles) character file.

Game seed: 17621796199956018240

82 safid the Chiller (level 4, -2/33 HPs)
             Began as a Merfolk Ice Elementalist on Aug 21, 2023.
             Slain by a gnoll
             ... wielding a +0 spear
              (4 damage)
             ... on level 2 of the Dungeon.
             The game lasted 00:02:30 (1237 turns).

safid the Chiller (Merfolk Ice Elementalist)        Turns: 1237, Time: 00:02:31

Health: -2/33      AC:  2    Str:  8    XL:     4   Next: 43%
Magic:  2/8        EV: 12    Int: 16    God:
Gold:   53         SH:  0    Dex: 14    Spells: 1/8 levels left

rFire   . . .        f - +0 dagger
rCold   . . .        (no shield)
rNeg    . . .        a - +0 robe
rPois   .            (no helmet)
rElec   .            (no cloak)
rCorr   .            (no gloves)
SInv    .            (no boots)
Will    .....        (no amulet)
Stlth   ++           (no ring)
HPRegen 0.25/turn    (no ring)
MPRegen 0.11/turn

%: no passive effects
@: freezing walls
A: (nimble swimmer 2), mertail
a: no special abilities


You were on level 2 of the Dungeon.
You visited 1 branch of the dungeon, and saw 2 of its levels.

You collected 53 gold pieces.

Inventory:

Hand Weapons
 f - a +0 dagger (weapon)
Armour
 a - a +0 robe (worn)
Scrolls
 c - 3 scrolls of identify {unknown}
 d - a scroll of vulnerability {unknown}
 e - a scroll of magic mapping {unknown}
 g - a scroll of immolation {unknown}
Potions
 b - 2 potions of curing {unknown}
 h - a potion of resistance {unknown}
 i - 2 potions of haste {unknown}
 j - a potion of magic


   Skills:
 + Level 2.2 Fighting
 - Level 2.6 Dodging
 - Level 2.1 Stealth
 + Level 2.9 Spellcasting
 + Level 5.1 Ice Magic


You had one spell level left.
You knew the following spells:

 Your Spells              Type           Power      Damage    Failure   Level
a - Freeze                Ice            72%        1d8       2%          1
b - Frozen Ramparts       Ice            36%        1d6       7%          3
c - Ozocubu's Armour      Ice            18%        N/A       7%          3

Your spell library contained the following spells:

 Spells                   Type           Power      Damage    Failure   Level
 Summon Ice Beast         Ice/Summ       10%        N/A       54%         4


Dungeon Overview and Level Annotations

Branches:
Dungeon (2/15)

Altars:
Gozag


Innate Abilities, Weirdness & Mutations

((You are very nimble when in or above water. (Stealth+, EV+, Speed+++)))
Your lower body shifts to a powerful aquatic tail in water.


Message History

The gnoll hits you from afar with a +0 spear!
Casting: Freeze (safe; 2% risk of failure)
Confirm with . or Enter, or press ? or * to list all spells.
Aiming: Freeze (safe; 2% risk of failure)
Press: ? - help, Shift-Dir - straight line, f/p - gnoll
Aim: a gnoll, wielding a +0 spear (severely wounded)
You freeze the gnoll.
You kill the gnoll!
The gnoll completely misses you.
The gnoll hits you from afar with a +0 spear!
Casting: Freeze (safe; 2% risk of failure)
Confirm with . or Enter, or press ? or * to list all spells.
The spell is quite dangerous to miscast (7% risk of failure)!
Continue anyway? [Y]es or [N]o only, please.
The spell is quite dangerous to miscast (7% risk of failure)!
Continue anyway?
Okay, then.
Unknown command.
The gnoll hits you with a +0 spear!
* * * LOW HITPOINT WARNING * * *
The gnoll hits you from afar with a +0 spear.
* * * LOW HITPOINT WARNING * * *
Unknown command.
Casting: Frozen Ramparts (quite dangerous; 7% risk of failure)
Confirm with . or Enter, or press ? or * to list all spells.
The spell is quite dangerous to miscast (7% risk of failure)!
Continue anyway? [Y]es or [N]o only, please.
The spell is quite dangerous to miscast (7% risk of failure)!
Continue anyway?
Okay, then.
Casting: Frozen Ramparts (quite dangerous; 7% risk of failure)
Confirm with . or Enter, or press ? or * to list all spells.
The spell is quite dangerous to miscast (7% risk of failure)!
Continue anyway? [Y]es or [N]o only, please.
The spell is quite dangerous to miscast (7% risk of failure)!
Continue anyway?
Casting: Frozen Ramparts (quite dangerous; 7% risk of failure)
Press: ? - help, Dir - look around, f - activate The walls around you are covered in ice.
The wall freezes the gnoll.
The gnoll barely misses you.
The wall freezes the gnoll.
The gnoll hits you from afar with a +0 spear.
You die...

#.######..... ## #..
#..... #.# #..... #..
#..... #.# .#.....##
#. ........# #..?...#
#.# #@# #g#####.#
#g......#
.######.#######
........# #######.#
######### # #.....#
#.......##.. #>..###
#.##........
#..g#######....##.####


You could see 2 gnolls.

Vanquished Creatures
  Terence (D:2)
  A gnoll (D:2)
  An adder (D:2)
  A dart slug (D:1)
  3 ball pythons (D:1)
  2 endoplasms (D:1)
  2 giant cockroaches
  6 goblins
  3 hobgoblins (D:1)
  2 jackals (D:1)
  2 kobolds
  2 quokkas
  4 bats (D:1)
  A frilled lizard (D:1)
  2 rats
33 creatures vanquished.

Notes
Turn   | Place    | Note
-------+----------+-------------------------------------------
     0 | D:1      | safid the Merfolk Ice Elementalist began the quest for the
                  | Orb.
     0 | D:1      | Reached XP level 1. HP: 13/13 MP: 3/3
    86 | D:1      | Reached XP level 2. HP: 20/20 MP: 1/5
   189 | D:1      | Reached skill level 1 in Fighting
   651 | D:1      | You fall into a shaft and drop 1 floor!
   665 | D:2      | Reached XP level 3. HP: 24/26 MP: 2/6
   725 | D:2      | Noticed Terence
   728 | D:2      | Killed Terence
   751 | D:1      | Reached skill level 5 in Ice Magic
   755 | D:1      | Learned a level 3 spell: Frozen Ramparts
   759 | D:1      | Learned a level 3 spell: Ozocubu's Armour
   837 | D:1      | Reached XP level 4. HP: 33/33 MP: 8/8
  1206 | D:2      | Found an opulent altar of Gozag.
  1237 | D:2      | Slain by a gnoll

Illustrated notes

Levels and vault maps discovered:
D:1:      wander_arrival_chamber, layout_loops_ring
D:2:      layout_loops_cross, shapermc_ecumenical_altar_mp_vishouse,
          basic_altar, uniq_terence

Skill      XL: |  1  2  3 |
---------------+----------+-----
Fighting       | 1 2 |  2.2
Ice Magic      | 5 |  5.1
Dodging        | |  2.6
Stealth        | |  2.1
Spellcasting   | |  2.9

Action                     |  1- 3 |  4- 6 || total
---------------------------+-------+-------++-------
  Melee: Unarmed           |    12 |       ||    12
         Whip              |     8 |       ||     8
         Dagger            |    16 |    19 ||    35
   Cast: Freeze            |    25 |    15 ||    40
         Frozen Ramparts   |       |     1 ||     1
    Use: Potion            |     1 |       ||     1
   Stab: Sleeping          |     2 |     2 ||     4
 Armour: Robe              |    20 |       ||    20
  Dodge: Dodged            |    45 |    13 ||    58
